 Seeded DCSS version 0.32-a0-30-gefbe487952 (webtiles) character file.

Game seed: 9872065412798756122 (custom seed)

3159 timneilson the Shield-Bearer (level 9, -15/57 HPs)
             Began as a Gargoyle Fighter on Jan 19, 2024.
             Was a Follower of Makhleb.
             Killed from afar by a deep elf pyromancer (28 damage)
             ... with a bolt of fire
             ... on level 7 of the Dungeon.
             The game lasted 00:14:02 (6380 turns).

timneilson the Shield-Bearer (Gargoyle Fighter)     Turns: 6380, Time: 00:14:03

Health: -15/57     AC: 28    Str: 19    XL:     9   Next: 94%
Magic:  0/11       EV:  8    Int: 10    God:    Makhleb [*.....]
Gold:   2051       SH:  7    Dex: 13    Spells: 8/8 levels left

rFire   . . .        y - +0 scimitar (elec)
rCold   . . .        c - +1 buckler
rNeg    + . .        p - +0 chain mail
rPois   ∞            m - +2 helmet
rElec   +            b - +0 cloak
rCorr   .            x - +2 pair of gloves
SInv    +            v - +2 pair of boots {Fly}
Will    .....        n - amulet of guardian spirit Stlth
                     s - ring of see invisible
HPRegen 0.29/turn    (no ring)
MPRegen 0.12/turn

%: guardian spirit
@: flying, studying Fighting
A: sickness immunity, AC +6, negative energy resistance 1, electricity
resistance, torment resistance 1, petrification resistance
a: Renounce Religion


You were on level 7 of the Dungeon.
You worshipped Makhleb.
Makhleb was aware of your devotion.
You visited 2 branches of the dungeon, and saw 8 of its levels.

You collected 2051 gold pieces.

Inventory:

Hand Weapons
 a - a +1 long sword of venom
 y - a +0 scimitar of electrocution (weapon)
Armour
 b - a +0 cloak (worn)
 c - a +1 buckler (worn)
 m - a +2 helmet (worn)
 p - a +0 chain mail (worn)
 v - a +2 pair of boots of flying (worn)
 x - a +2 pair of gloves (worn)
Jewellery
 n - an amulet of guardian spirit (around neck)
 s - a ring of see invisible (left hand)
Wands
 z - a wand of iceblast (9)
 A - a wand of paralysis (4)
Scrolls
 e - 3 scrolls of revelation
 h - a scroll of fear
 j - a scroll of brand weapon
 l - a scroll of poison
 t - a scroll of fog
 u - 3 scrolls of teleportation
 w - 2 scrolls of amnesia
Potions
 d - a potion of might
 f - 3 potions of magic
 g - 4 potions of invisibility
 i - 2 potions of enlightenment
 k - 3 potions of mutation
 o - 2 potions of heal wounds
 q - a potion of brilliance
 r - 2 potions of curing


   Skills:
 + Level 7.5 Fighting
 * Level 6.2 Long Blades
 * Level 7.8 Armour
 + Level 2.1 Dodging
 * Level 7.9 Shields
 + Level 2.9 Invocations
 + Level 1.7 Evocations


You had 8 spell levels left.
You didn't know any spells.
Your spell library contained the following spells:

 Spells                   Type           Power      Damage    Failure   Level
 Call Imp                 Summ           0%         N/A       99%         2
 Ensorcelled Hibernation  Hex/Ice        0%         N/A       99%         2
 Passwall                 Erth           0%         N/A       100%        3
 Swiftness                Air            0%         N/A       100%        3
 Summon Hydra             Summ           0%         N/A       100%        7
 Sublimation of Blood     Necr           Unusable   N/A       N/A         2

Dungeon Overview and Level Annotations

Branches:
Dungeon (7/15)             Temple (1/1) D:5

Altars:
Ashenzari
Cheibriados
Dithmenos
Elyvilon
Fedhas
Gozag
Hepliaklqana
Kikubaaqudgha
Makhleb
Nemelex Xobeh
Okawaru
Qazlal
Ru
Sif Muna
Uskayaw
Vehumet
Wu Jian
Xom
Yredelemnul
Zin
The Shining One

Shops:
D:1 :

Annotations:
D:4 2 runed translucent doors, timneilson's ghost, novice OpSh
Temple 2 transporters


Innate Abilities, Weirdness & Mutations

You are immune to sickness and miasma.
Your stone body is resilient. (AC +6)
You are immune to poison.
You resist negative energy. (rN+)
You are resistant to electric shocks. (rElec)
You are resistant to unholy torment.
You are immune to petrification.


Message History

Makhleb accepts your kill.
You see here a +0 shortbow.
You reach down and open the door.
The deep elf pyromancer points at you and mumbles some strange words.
The bolt of fire hits you!
The deep elf pyromancer mumbles some strange words.
There is an open door here.
You barely miss the deep elf pyromancer.
You block the deep elf pyromancer's attack.
The fire elemental barely misses you.
You closely miss the deep elf pyromancer.
The fire elemental hits you. The fire elemental burns you!
The deep elf pyromancer hits you but does no damage.
You slash the deep elf pyromancer!
The deep elf pyromancer is moderately wounded.
The fire elemental hits you.
The deep elf pyromancer casts a spell.
The fire elemental hits you. The fire elemental burns you!
The deep elf pyromancer hits you but does no damage.
You slash the deep elf pyromancer!
The deep elf pyromancer is heavily wounded.
The fire elemental hits you. The fire elemental burns you!
You block the fire elemental's attack.
The deep elf pyromancer hits you but does no damage.
You slash the deep elf pyromancer!
The deep elf pyromancer is severely wounded.
The fire elemental hits you. The fire elemental burns you!
The fire elemental hits you. The fire elemental burns you!
The fire elemental closely misses you.
The deep elf pyromancer casts a spell.
The deep elf pyromancer blinks!
The fire elemental hits you. The fire elemental burns you!
* * * LOW HITPOINT WARNING * * *
The fire elemental hits you.
You closely miss the deep elf pyromancer.
The deep elf pyromancer is severely wounded.
You block the fire elemental's attack. x2
The deep elf pyromancer points at you and mumbles some strange words.
The bolt of fire hits you!!
You die...

##.#.#####.### # #.###
#.... #..# #.### #..## #.#
# ###### ### #.... ..# #
#....#####=# #...####.###
#....†)..#+###...#......#
#....#.e@#○○##...#.##.#.#
#....#..EEE°#...........#
##.###########...........#
#.....#......#............
#.....#......##...#.####..
#.....#......##...#(......
#.....#......##...#######.
#.....)......##...##### #.
#######...........#...###.


You could see a deep elf pyromancer and 3 fire elementals.

Vanquished Creatures
  Sigmund (D:3)
  A steam dragon (D:7)
  2 water moccasins (D:7)
  An orc warrior (D:7)
  3 ice beasts
  2 ogres (D:4)
  3 black bears
  2 sky beasts
  4 centaurs
  A kobold brigand (D:3)
  Blork the orc (D:4)
  2 bullfrogs
  2 scorpions
  3 wights (D:6)
  The ghost of DeathSocks the Trooper, a weakling VSBe of Trog (D:3)
  5 hounds
  2 bombardier beetles
  An orc priest (D:5)
  4 jellies
  3 sleepcaps
  6 iguanas
  2 hound zombies (D:5)
  6 adders
  A white imp (D:6)
  2 ufetubi (D:6)
  A dart slug (D:4)
  2 ribbon worms
  15 orcs
  A bat (D:1)
  10 endoplasms
  A giant cockroach (D:2)
  6 goblins
  10 hobgoblins
  A quokka (D:4)
  2 ball pythons
  2 frilled lizards (D:1)
  12 kobolds
  4 rats
128 creatures vanquished.

Notes
Turn   | Place    | Note
-------+----------+-------------------------------------------
     0 | D:1      | timneilson the Gargoyle Fighter began the quest for the
                  | Orb.
     0 | D:1      | Reached XP level 1. HP: 14/14 MP: 1/1
   226 | D:1      | Found Logiotz's Book Emporium.
   298 | D:1      | Reached XP level 2. HP: 19/19 MP: 2/2
  1081 | D:2      | Reached XP level 3. HP: 23/23 MP: 3/3
  1536 | D:2      | Found a faded altar of an unknown god.
  1829 | D:3      | Found a sparkling altar of Nemelex Xobeh.
  1830 | D:3      | Found an opulent altar of Gozag.
  1846 | D:3      | Found a runed translucent gate.
  1846 | D:3      | Found a runed translucent gate.
  1846 | D:3      | Found a runed translucent gate.
  1846 | D:3      | Noticed DeathSocks's ghost (weakling VSBe)
  1847 | D:3      | Identified the +2 leather armour of Nubi {rElec Regen+}
  1872 | D:3      | Killed DeathSocks's ghost
  1873 | D:3      | Reached XP level 4. HP: 21/29 MP: 4/4
  1986 | D:3      | Found a shadowy altar of Dithmenos.
  1988 | D:3      | Found a shimmering altar of Xom.
  2179 | D:3      | Noticed Sigmund
  2203 | D:3      | Killed Sigmund
  2204 | D:3      | Reached XP level 5. HP: 20/34 MP: 2/5
  2204 | D:3      | Reached XP level 6. HP: 23/39 MP: 2/6
  2579 | D:3      | Identified the +2 leather armour "Nytall" {rF+ Int+5
                  | Stlth+}
  2715 | D:4      | Noticed a black bear
  2724 | D:4      | Killed a black bear
  2725 | D:4      | Reached skill level 5 in Fighting
  2725 | D:4      | Reached skill level 5 in Armour
  2725 | D:4      | Reached skill level 5 in Shields
  2725 | D:4      | Reached XP level 7. HP: 34/44 MP: 5/7
  2997 | D:4      | Found a snail-covered altar of Cheibriados.
  3107 | D:4      | Found a runed translucent door.
  3112 | D:4      | Noticed timneilson's ghost (novice OpSh)
  3393 | D:4      | Noticed Blork the orc
  3403 | D:4      | Killed Blork the orc
  3657 | D:4      | Found a runed translucent door.
  3821 | D:5      | Entered Level 5 of the Dungeon
  3841 | D:5      | Reached XP level 8. HP: 48/51 MP: 8/8
  4026 | D:5      | Found a staircase to the Ecumenical Temple.
  4036 | Temple   | Found a transporter.
  4036 | Temple   | Found a transporter.
  4036 | Temple   | Found a transporter.
  4036 | Temple   | Found a transporter.
  4036 | Temple   | Entered the Ecumenical Temple
  4050 | Temple   | Became a worshipper of Makhleb the Destroyer
  4298 | D:5      | Reached skill level 5 in Long Blades
  4326 | D:5      | Found a hide-covered altar of Uskayaw.
  4607 | D:5      | Found a basalt altar of Yredelemnul.
  4608 | D:5      | Identified a scroll of acquirement
  4608 | D:5      | Acquired a +2 pair of boots of flying
  4706 | D:6      | Reached skill level 1 in Invocations
  4807 | D:6      | Reached skill level 1 in Dodging
  4811 | D:6      | Reached XP level 9. HP: 55/56 MP: 8/10
  5822 | D:6      | Acquired 887 gold pieces
  5824 | D:6      | Acquired a manual of Fighting
  5826 | D:6      | Acquired 809 gold pieces
  5886 | D:7      | Found an ornate altar of the Wu Jian Council.
  5913 | D:7      | Reached * piety under Makhleb
  5952 | D:7      | Reached skill level 1 in Evocations
  6182 | D:7      | Noticed a deep elf pyromancer
  6380 | D:7      | Killed from afar by a deep elf pyromancer

Illustrated notes

Levels and vault maps discovered:
D:1:      dpeg_arrival_stone_temple_mockup, layout_loops_corners, serial_shops,
          shop, minmay_split_cup_large
D:2:      layout_basic, chequers_ecumenical_altar_grove, chequers_jeans
D:3:      cheibrodos_thug_alley, layout_rooms, grunt_temple_overflow_opulence,
          grunt_temple_overflow_open, biasface_ghost_orc_armoury, uniq_sigmund
D:4:      minmay_razor_zed, layout_gridville, cheibriados_altar_1,
          ebering_ghost_sewer_f, serial_bayou, serial_bayou_pond_d,
          serial_bayou_shore_b, serial_bayou_pond_a, serial_bayou_shore_b,
          uniq_blork_the_orc
D:5:      layout_rooms, lemuel_doored_altar, lemuel_zombie_altar_yredelemnul,
          minmay_temple_entry_overgrown, nicolae_underground_beach
D:6:      layout_basic
D:7:      minmay_clustersquares, layout_loops_cross,
          mainiacjoe_overflow_catwalk, kennysheep_windowed_goal
Temple:   hellmonk_temple_divided_pantheon

Skill      XL: |  1  2  3  4  5  6  7  8  9 |
---------------+----------------------------+-----
Long Blades    | 2 3 4 5 6 |  6.2
Shields        | 4 5 6 7 |  7.9
Fighting       | 4 5 6 7 |  7.5
Armour         | 4 5 6 7 |  7.8
Invocations    | 1 2 |  2.9
Dodging        | 1 2 |  2.1
Evocations     | 1 |  1.7

Action                     |  1- 3 |  4- 6 |  7- 9 || total
---------------------------+-------+-------+-------++-------
  Melee: Long sword        |    75 |    80 |   221 ||   376
         Scimitar          |       |       |   147 ||   147
    Use: Scroll            |    11 |     3 |    10 ||    24
 Armour: Scale mail        |    35 |       |       ||    35
         Chain mail        |    15 |    66 |   307 ||   388
  Dodge: Dodged            |    28 |    20 |   122 ||   170
  Block: Buckler           |    18 |    13 |   106 ||   137

Table legend: (Time is in decaauts)
 A = Elapsed time spent in this place.
 B = Non-inter-level travel time spent in this place.
 C = Inter-level travel time spent in this place.
 D = Time resting spent in this place.
 E = Time spent auto-exploring this place.
 F = Levels seen in this place.
 G = Mean time per level.
                   A        B        C        D        E       F      G
               +--------+--------+--------+--------+--------+-----+--------+
         Total |   6497 |   6224 |    273 |    232 |   4224 |   8 |  812.1 |
       Dungeon |   6468 |   6198 |    270 |    232 |   4224 |   7 |  924.0 |
        Temple |     28 |     25 |      3 |      0 |      0 |   1 |   28.0 |
               +--------+--------+--------+--------+--------+-----+--------+

Top non-repeatable levels by time:
     D:4: 1311 daAuts
     D:6: 1173 daAuts
     D:2: 940 daAuts
     D:3: 902 daAuts
     D:1: 879 daAuts
     D:5: 690 daAuts
     D:7: 570 daAuts
  Temple: 28 daAuts
